Rangers vs Penguins

Created - September-18-13 at 17:09

Simulating a Pre-Season

Goals
1 2 3 T
Rangers 1 1 1 3
Penguins 0 0 1 1
Shots
1 2 3 T
Rangers 11 10 9 30
Penguins 5 9 7 21

1st period

1. Rangers , Matt Read 1 (Vinny Prospal, Stephane Robidas) at 13:41

Penalties :
Andrew Ladd (PIT) for Hooking (Minor) at 11:11, David Perron (PIT) for Holding (Minor) at 18:03, Derek Morris (NYR) for Holding Stick (Minor) at 19:46

2nd period

2. Rangers , Derek Morris 2 (Troy Brouwer, Ilya Kovalchuk) at 15:43 (PP)

Penalties :
Craig Adams (NYR) for High sticking (Minor) at 7:49, Ryan Suter (PIT) for Hooking (Minor) at 10:36, Barret Jackman (PIT) for Goalie Interference (Minor) at 13:54

3rd period

3. Rangers , Dan Girardi 1 (Ville Leino, Francois Beauchemin) at 7:48
4. Penguins , Gabriel Landeskog 1 (Nick Schultz, Zack Smith) at 18:59

Penalties :
Barret Jackman (PIT) for High sticking (Minor) at 5:13, Brendan Gallagher (PIT) for Hooking (Minor) at 10:45

Goalie Stats

Jean-Sebastien Giguere (NYR), 20 saves from 21 shots - (0.952), W, 1-0-0, 60:00 minutes
Marc-Andre Fleury (PIT), 27 saves from 30 shots - (0.900), L, 4-4-0, 60:00 minutes

Players Stats for Rangers

Player Name              G  A  P  +/- PIM S  H  SB GA TA FO     MP     PP MP  PK MP  
------------------------------------------------------------------------------------
Alex Goligoski           0  0  0   0  0   0  1  1  0  0  0/0    21:47   5:30   0:00 
Benoit Pouliot           0  0  0   0  0   0  0  0  0  0  1/1     6:06   0:00   0:00 
Brandon Dubinsky         0  0  0   0  0   2  5  1  0  0  13/28  22:41   5:13   0:00 
Bryan Allen              0  0  0  -1  0   0  0  1  0  0  0/0    13:20   0:47   0:00 
Chris Kunitz             0  0  0   0  0   5  1  0  0  0  3/3    22:41   5:13   0:00 
Craig Adams              0  0  0   0  2   0  1  0  0  0  0/1     7:17   0:47   0:25 
Dan Girardi              1  0  1   2  0   2  0  2  0  0  0/0    19:27   0:47   2:40 
David Legwand            0  0  0   0  0   0  0  0  0  0  8/10    7:01   0:00   0:55 
Derek Morris             1  0  1  -1  2   2  0  2  0  0  0/0    18:45   5:10   1:02 
Francois Beauchemin      0  1  1   1  0   3  0  1  0  0  0/0    24:57   5:30   1:34 
Frans Nielsen            0  0  0  -1  0   3  1  0  0  0  12/26  19:22   5:28   2:22 
Ilya Kovalchuk           0  1  1  -1  0   2  0  0  0  0  2/2    17:00   5:28   0:00 
Matt Read                1  0  1   2  0   2  2  0  0  0  0/1    11:51   0:47   1:20 
Radim Vrbata             0  0  0   0  0   3  0  1  0  0  1/2    22:25   5:13   0:00 
Stephane Robidas         0  1  1   1  0   0  1  2  0  0  0/0    21:43   5:11   2:08 
Troy Brouwer             0  1  1  -1  0   5  3  0  0  0  0/1    19:22   5:28   2:22 
Ville Leino              0  1  1   2  0   1  1  0  0  0  6/10    9:44   0:00   0:00 
Vinny Prospal            0  1  1   2  0   0  0  0  0  0  1/1    10:31   0:47   0:00 

Players Stats for Penguins

Player Name              G  A  P  +/- PIM S  H  SB GA TA FO     MP     PP MP  PK MP  
------------------------------------------------------------------------------------
Alexander Steen          0  0  0   0  0   2  2  0  0  0  0/2    21:44   2:22   4:44 
Andrew Ladd              0  0  0  -1  2   3  5  0  0  0  1/1    17:19   1:20   0:00 
Barret Jackman           0  0  0  -1  4   1  5  1  0  0  0/0    21:53   1:57   4:02 
Brandon Saad             0  0  0   0  0   2  0  0  0  0  0/1     9:38   0:00   0:00 
Brendan Gallagher        0  0  0  -1  2   1  1  0  0  0  0/0    17:03   1:20   0:00 
David Perron             0  0  0   0  2   0  3  0  0  0  0/0     4:33   0:00   0:00 
Gabriel Landeskog        1  0  1   0  0   1  0  0  0  0  0/0     9:38   0:00   0:00 
John Tavares             0  0  0  -1  0   2  0  0  0  0  9/22   17:20   1:20   0:00 
Kris Letang              0  0  0   0  0   2  3  1  0  0  0/0    24:38   1:45   6:23 
Matt Hunwick             0  0  0   0  0   0  0  0  0  0  0/0    18:04   0:00   5:40 
Nick Leddy               0  0  0  -1  0   0  1  0  0  0  0/0    20:42   1:57   2:06 
Nick Schultz             0  1  1   0  0   0  0  0  0  0  0/0    13:07   0:00   0:43 
Ryan Callahan            0  0  0   0  0   2  2  1  0  0  1/1    23:44   2:22   6:44 
Ryan Getzlaf             0  0  0   0  0   5  2  2  0  0  20/40  23:47   2:22   6:47 
Ryan Suter               0  0  0   0  2   0  0  0  0  0  0/0    21:33   1:45   4:02 
Stephen Weiss            0  0  0   0  0   0  0  0  0  0  4/9     9:12   0:00   4:38 
Tom Pyatt                0  0  0   0  0   0  0  0  0  0  0/1     4:37   0:00   0:03 
Zack Smith               0  1  1   0  0   0  2  0  0  0  4/9     9:38   0:00   0:00 

3 Stars

1 - Matt Read (NYR)
2 - Dan Girardi (NYR)
3 - Jean-Sebastien Giguere (NYR)

Power Play

Rangers - 1 on 6 Attempt(s) - 16.67%
Penguins - 0 on 2 Attempt(s) - 0.00%

Penalty Kill

Rangers - 2 on 2 Attempt(s) - 100.00% - Score 0 goal in Penalty Kill
Penguins - 5 on 6 Attempt(s) - 83.33% - Score 0 goal in Penalty Kill

Official

Referees : Greg Kimmerly and Trevor Hanson
Linesman : Steve Barton and Brian Murphy

Game Notes

No Game Note

% Time on Ice - Rangers

Lines # - Real PCT - Wanted PCT - Time Play
Normal Forward
1 - 39% - 40% - 17:12
2 - 26% - 30% - 11:32
3 - 22% - 20% - 9:44
4 - 14% - 10% - 6:06
Normal Defense
1 - 37% - 40% - 16:17
2 - 32% - 30% - 14:11
3 - 28% - 20% - 12:33
4 - 3% - 10% - 1:33
PP Forward
1 - 45% - 60% - 5:13
2 - 55% - 40% - 6:15
PP Defense
1 - 48% - 60% - 5:30
2 - 52% - 40% - 5:58
PK Forward
1 - 64% - 60% - 2:22
2 - 36% - 40% - 1:20
PK Defense
1 - 42% - 60% - 1:34
2 - 58% - 40% - 2:08
PK3 Forward
1 - 0% - 60%
2 - 0% - 40%
PK3 Defense
1 - 0% - 60%
2 - 0% - 40%
44 Forward
1 - 100% - 60% - 0:16
2 - 0% - 40% - 0:00
44 Defense
1 - 19% - 60% - 0:03
2 - 81% - 40% - 0:13
Last Minute Offensive  - 0:00
Last Minute Defensive  - 0:00
Total
Forward - 60:00
Defense - 60:00

% Time on Ice - Penguins

Lines # - Real PCT - Wanted PCT - Time Play
Normal Forward
1 - 35% - 34% - 15:44
2 - 33% - 34% - 14:38
3 - 22% - 20% - 9:38
4 - 10% - 12% - 4:34
Normal Defense
1 - 35% - 38% - 15:44
2 - 35% - 38% - 15:43
3 - 28% - 22% - 12:24
4 - 2% - 2% - 0:43
PP Forward
1 - 36% - 50% - 1:20
2 - 64% - 50% - 2:22
PP Defense
1 - 47% - 60% - 1:45
2 - 53% - 40% - 1:57
PK Forward
1 - 59% - 55% - 6:44
2 - 41% - 45% - 4:44
PK Defense
1 - 56% - 60% - 6:24
2 - 44% - 40% - 5:04
PK3 Forward
1 - 0% - 55%
2 - 0% - 45%
PK3 Defense
1 - 0% - 55%
2 - 0% - 45%
44 Forward
1 - 100% - 55% - 0:16
2 - 0% - 45% - 0:00
44 Defense
1 - 19% - 55% - 0:03
2 - 81% - 45% - 0:13
Last Minute Offensive  - 0:00
Last Minute Defensive  - 0:00
Total
Forward - 60:00
Defense - 60:00

Play by Play

1st period


0:01 of 1st period - John Tavares wins face-off versus Brandon Dubinsky in neutral zone.
0:16 of 1st period - Shot by Radim Vrbata.
0:16 of 1st period - Stopped by Marc-Andre Fleury without a rebound.
0:17 of 1st period - Frans Nielsen wins face-off versus Ryan Getzlaf in Penguins zone.
0:17 of 1st period - Frans Nielsen is hit by Barret Jackman.
0:31 of 1st period - Shot by Ryan Callahan.
0:31 of 1st period - Stopped by Jean-Sebastien Giguere without a rebound.
0:32 of 1st period - Vinny Prospal wins face-off versus Brandon Saad in Rangers zone.
0:32 of 1st period - Vinny Prospal is hit by Zack Smith.
0:49 of 1st period - Shot by Ville Leino.
0:49 of 1st period - Stopped by Marc-Andre Fleury without a rebound.
0:50 of 1st period - David Legwand wins face-off versus Stephen Weiss in Penguins zone.
1:42 of 1st period - Off-side.
1:43 of 1st period - Brandon Dubinsky wins face-off versus Ryan Getzlaf in neutral zone.
1:48 of 1st period - Shot by Radim Vrbata.
1:48 of 1st period - Shot Misses the Net.
1:51 of 1st period - Icing by Kris Letang.
1:52 of 1st period - Frans Nielsen wins face-off versus Ryan Getzlaf in Penguins zone.
2:30 of 1st period - Shot by Troy Brouwer.
2:30 of 1st period - Shot Misses the Net.
2:36 of 1st period - Shot by Frans Nielsen.
2:36 of 1st period - The goal is going for a video replay.
2:36 of 1st period - The goal is refused.
2:37 of 1st period - Andrew Ladd wins face-off versus Brandon Dubinsky in Penguins zone.
3:20 of 1st period - Icing by Francois Beauchemin.
3:21 of 1st period - Brandon Dubinsky wins face-off versus Zack Smith in Rangers zone.
3:58 of 1st period - Stephane Robidas is hit by Zack Smith and loses puck.
4:11 of 1st period - Shot by Matt Read.
4:11 of 1st period - Shot Misses the Net.
5:08 of 1st period - Icing by Kris Letang.
5:09 of 1st period - Ryan Getzlaf wins face-off versus Frans Nielsen in Penguins zone.
5:21 of 1st period - Icing by Derek Morris.
5:22 of 1st period - Frans Nielsen wins face-off versus John Tavares in Rangers zone.
5:22 of 1st period - Frans Nielsen is hit by Andrew Ladd.
5:25 of 1st period - Icing by Derek Morris.
5:26 of 1st period - John Tavares wins face-off versus Frans Nielsen in Rangers zone.
7:29 of 1st period - Shot by Alexander Steen.
7:29 of 1st period - Stopped by Jean-Sebastien Giguere without a rebound.
7:30 of 1st period - Stephen Weiss wins face-off versus Matt Read in Rangers zone.
7:46 of 1st period - Ville Leino is hit by Kris Letang and loses puck.
8:25 of 1st period - Shot by Troy Brouwer.
8:25 of 1st period - Stopped by Marc-Andre Fleury without a rebound.
8:26 of 1st period - John Tavares wins face-off versus Frans Nielsen in Penguins zone.
8:43 of 1st period - Shot by Andrew Ladd.
8:43 of 1st period - Shot Blocked by Bryan Allen.
9:03 of 1st period - Shot by Andrew Ladd.
9:03 of 1st period - Deflect By John Tavares.
9:03 of 1st period - Stopped by Jean-Sebastien Giguere without a rebound.
9:04 of 1st period - Brandon Dubinsky wins face-off versus Ryan Getzlaf in Rangers zone.
9:19 of 1st period - Shot by Radim Vrbata.
9:19 of 1st period - Shot Blocked by Ryan Getzlaf.
9:25 of 1st period - Francois Beauchemin is hit by Ryan Getzlaf and loses puck.
10:03 of 1st period - Icing by Alexander Steen.
10:04 of 1st period - David Legwand wins face-off versus Ryan Getzlaf in Penguins zone.
10:08 of 1st period - Icing by Nick Leddy.
10:09 of 1st period - David Legwand wins face-off versus Ryan Getzlaf in Penguins zone.
10:29 of 1st period - Icing by Stephane Robidas.
10:30 of 1st period - Benoit Pouliot wins face-off versus John Tavares in Rangers zone.
10:38 of 1st period - Andrew Ladd is hit by Stephane Robidas.
10:40 of 1st period - Shot by Kris Letang.
10:40 of 1st period - Stopped by Jean-Sebastien Giguere with a rebound.
10:43 of 1st period - Icing by Dan Girardi.
10:44 of 1st period - David Legwand wins face-off versus Zack Smith in Rangers zone.
10:50 of 1st period - Icing by Stephane Robidas.
10:51 of 1st period - David Legwand wins face-off versus John Tavares in Rangers zone.
11:00 of 1st period - Shot by John Tavares.
11:00 of 1st period - Shot Blocked by Stephane Robidas.
11:11 of 1st period - Minor Penalty to Andrew Ladd for Hooking.
11:12 of 1st period - Ryan Getzlaf wins face-off versus Radim Vrbata in Penguins zone.
11:12 of 1st period - Ryan Callahan is hit by Brandon Dubinsky and loses puck.
11:25 of 1st period - Shot by Francois Beauchemin.
11:25 of 1st period - Stopped by Marc-Andre Fleury without a rebound.
11:26 of 1st period - Ryan Getzlaf wins face-off versus Troy Brouwer in Penguins zone.
11:53 of 1st period - Shot by Francois Beauchemin.
11:53 of 1st period - Deflect By Troy Brouwer.
11:53 of 1st period - Stopped by Marc-Andre Fleury without a rebound.
11:54 of 1st period - Ryan Getzlaf wins face-off versus Brandon Dubinsky in Penguins zone.
12:07 of 1st period - Shot by Chris Kunitz.
12:07 of 1st period - Shot Misses the Net.
12:09 of 1st period - Shot by Radim Vrbata.
12:09 of 1st period - Shot Misses the Net.
12:37 of 1st period - Shot by Derek Morris.
12:37 of 1st period - Stopped by Marc-Andre Fleury without a rebound.
12:38 of 1st period - Frans Nielsen wins face-off versus Ryan Getzlaf in Penguins zone.
12:39 of 1st period - Shot by Francois Beauchemin.
12:39 of 1st period - Stopped by Marc-Andre Fleury without a rebound.
12:40 of 1st period - Ryan Getzlaf wins face-off versus Frans Nielsen in Penguins zone.
13:32 of 1st period - Nick Schultz is hit by Matt Read and loses puck.
13:41 of 1st period - Shot by Matt Read.
13:41 of 1st period - Goal by Matt Read - Rangers : 1 - Penguins : 0.
13:42 of 1st period - Brandon Dubinsky wins face-off versus John Tavares in neutral zone.
14:03 of 1st period - Shot by Andrew Ladd.
14:03 of 1st period - Shot Blocked by Derek Morris.
14:21 of 1st period - Shot by Chris Kunitz.
14:21 of 1st period - Stopped by Marc-Andre Fleury without a rebound.
14:22 of 1st period - Frans Nielsen wins face-off versus Ryan Getzlaf in Penguins zone.
14:33 of 1st period - Shot by Troy Brouwer.
14:33 of 1st period - Shot Misses the Net.
14:57 of 1st period - Shot by Ilya Kovalchuk.
14:57 of 1st period - Stopped by Marc-Andre Fleury without a rebound.
14:58 of 1st period - Zack Smith wins face-off versus Ville Leino in Penguins zone.
14:58 of 1st period - Zack Smith is hit by Ville Leino.
15:39 of 1st period - Icing by Stephane Robidas.
15:40 of 1st period - Ville Leino wins face-off versus John Tavares in Rangers zone.
15:45 of 1st period - Matt Read is hit by Andrew Ladd and loses puck.
16:27 of 1st period - Icing by Alex Goligoski.
16:28 of 1st period - Chris Kunitz wins face-off versus Ryan Getzlaf in Rangers zone.
16:28 of 1st period - Chris Kunitz is hit by Ryan Callahan.
16:34 of 1st period - Ryan Callahan is hit by Brandon Dubinsky and loses puck.
16:41 of 1st period - Francois Beauchemin is hit by Ryan Getzlaf and loses puck.
16:48 of 1st period - Shot by Alexander Steen.
16:48 of 1st period - Shot Blocked by Radim Vrbata.
16:50 of 1st period - Shot by Ryan Getzlaf.
16:50 of 1st period - Stopped by Jean-Sebastien Giguere without a rebound.
16:51 of 1st period - Frans Nielsen wins face-off versus Stephen Weiss in Rangers zone.
17:11 of 1st period - Bryan Allen is hit by David Perron and loses puck.
18:03 of 1st period - Minor Penalty to David Perron for Holding.
18:04 of 1st period - Ryan Getzlaf wins face-off versus Brandon Dubinsky in Penguins zone.
18:52 of 1st period - Icing by Alex Goligoski.
18:53 of 1st period - Ryan Getzlaf wins face-off versus Brandon Dubinsky in Rangers zone.
19:43 of 1st period - Icing by Stephane Robidas.
19:44 of 1st period - Stephen Weiss wins face-off versus Frans Nielsen in Rangers zone.
19:46 of 1st period - Minor Penalty to Derek Morris for Holding Stick.
19:47 of 1st period - Chris Kunitz wins face-off versus John Tavares in Rangers zone.

2nd period


0:01 of 2nd period - Chris Kunitz wins face-off versus John Tavares in neutral zone.
0:41 of 2nd period - Shot by Ryan Getzlaf.
0:41 of 2nd period - Stopped by Jean-Sebastien Giguere without a rebound.
0:42 of 2nd period - John Tavares wins face-off versus Frans Nielsen in Rangers zone.
0:55 of 2nd period - Shot by Troy Brouwer.
0:55 of 2nd period - Deflect By Frans Nielsen.
0:55 of 2nd period - Stopped by Marc-Andre Fleury without a rebound.
0:56 of 2nd period - John Tavares wins face-off versus Frans Nielsen in Penguins zone.
1:06 of 2nd period - Shot by Andrew Ladd.
1:06 of 2nd period - Shot Misses the Net.
1:08 of 2nd period - Shot by John Tavares.
1:08 of 2nd period - Shot Misses the Net.
1:10 of 2nd period - Shot by Andrew Ladd.
1:10 of 2nd period - Shot Misses the Net.
1:20 of 2nd period - Shot by Brendan Gallagher.
1:20 of 2nd period - Stopped by Jean-Sebastien Giguere without a rebound.
1:21 of 2nd period - Ryan Getzlaf wins face-off versus Craig Adams in Rangers zone.
1:34 of 2nd period - Shot by Ryan Suter.
1:34 of 2nd period - Shot Blocked by Dan Girardi.
3:00 of 2nd period - Shot by Andrew Ladd.
3:00 of 2nd period - Stopped by Jean-Sebastien Giguere without a rebound.
3:01 of 2nd period - Ryan Getzlaf wins face-off versus Frans Nielsen in Rangers zone.
3:14 of 2nd period - Shot by Frans Nielsen.
3:14 of 2nd period - Shot Blocked by Ryan Callahan.
3:26 of 2nd period - Shot by Troy Brouwer.
3:26 of 2nd period - Stopped by Marc-Andre Fleury without a rebound.
3:27 of 2nd period - John Tavares wins face-off versus Ville Leino in Penguins zone.
3:40 of 2nd period - Shot by Andrew Ladd.
3:40 of 2nd period - Shot Misses the Net.
4:40 of 2nd period - Shot by Chris Kunitz.
4:40 of 2nd period - Stopped by Marc-Andre Fleury without a rebound.
4:41 of 2nd period - Frans Nielsen wins face-off versus Ryan Getzlaf in Penguins zone.
4:41 of 2nd period - Ilya Kovalchuk is hit by Barret Jackman and loses puck.
4:49 of 2nd period - Off-side.
4:50 of 2nd period - Ryan Getzlaf wins face-off versus Brandon Dubinsky in neutral zone.
5:50 of 2nd period - Shot by Zack Smith.
5:50 of 2nd period - Shot Misses the Net.
6:59 of 2nd period - Brendan Gallagher is hit by Troy Brouwer and loses puck.
7:49 of 2nd period - Minor Penalty to Craig Adams for High sticking.
7:50 of 2nd period - Ryan Getzlaf wins face-off versus Frans Nielsen in Rangers zone.
8:30 of 2nd period - Off-side.
8:31 of 2nd period - John Tavares wins face-off versus Frans Nielsen in neutral zone.
8:48 of 2nd period - Shot by John Tavares.
8:48 of 2nd period - Shot Blocked by Derek Morris.
9:11 of 2nd period - Shot by Kris Letang.
9:11 of 2nd period - Stopped by Jean-Sebastien Giguere without a rebound.
9:12 of 2nd period - David Legwand wins face-off versus Alexander Steen in Rangers zone.
9:47 of 2nd period - Shot by Barret Jackman.
9:47 of 2nd period - Shot Blocked by Stephane Robidas.
9:57 of 2nd period - Shot by Radim Vrbata.
9:57 of 2nd period - Shot Misses the Net.
10:09 of 2nd period - Shot by Chris Kunitz.
10:09 of 2nd period - Stopped by Marc-Andre Fleury without a rebound.
10:10 of 2nd period - Ville Leino wins face-off versus Zack Smith in Penguins zone.
10:13 of 2nd period - Shot by Matt Read.
10:13 of 2nd period - Stopped by Marc-Andre Fleury with a rebound.
10:17 of 2nd period - Shot by Matt Read.
10:17 of 2nd period - Shot Misses the Net.
10:19 of 2nd period - Shot by Dan Girardi.
10:19 of 2nd period - Stopped by Marc-Andre Fleury with a rebound.
10:36 of 2nd period - Minor Penalty to Ryan Suter for Hooking.
10:37 of 2nd period - Ryan Getzlaf wins face-off versus Brandon Dubinsky in Penguins zone.
11:42 of 2nd period - Shot by Frans Nielsen.
11:42 of 2nd period - Deflect By Troy Brouwer.
11:42 of 2nd period - Stopped by Marc-Andre Fleury without a rebound.
11:43 of 2nd period - Ryan Getzlaf wins face-off versus Frans Nielsen in Penguins zone.
12:00 of 2nd period - Icing by Stephane Robidas.
12:01 of 2nd period - Frans Nielsen wins face-off versus Stephen Weiss in Rangers zone.
12:11 of 2nd period - Derek Morris is hit by Kris Letang and loses puck.
12:44 of 2nd period - Shot by Andrew Ladd.
12:44 of 2nd period - Stopped by Jean-Sebastien Giguere without a rebound.
12:45 of 2nd period - Brandon Dubinsky wins face-off versus John Tavares in Rangers zone.
12:54 of 2nd period - Shot by Chris Kunitz.
12:54 of 2nd period - Deflect By Radim Vrbata.
12:54 of 2nd period - Stopped by Marc-Andre Fleury without a rebound.
12:55 of 2nd period - Brandon Dubinsky wins face-off versus Ryan Getzlaf in Penguins zone.
13:07 of 2nd period - Icing by Ryan Getzlaf.
13:08 of 2nd period - Ilya Kovalchuk wins face-off versus Ryan Getzlaf in Penguins zone.
13:25 of 2nd period - Shot by Ryan Getzlaf.
13:25 of 2nd period - Stopped by Jean-Sebastien Giguere without a rebound.
13:26 of 2nd period - John Tavares wins face-off versus Brandon Dubinsky in Rangers zone.
13:38 of 2nd period - Brandon Dubinsky is hit by Barret Jackman and loses puck.
13:45 of 2nd period - Shot by Radim Vrbata.
13:45 of 2nd period - Shot Misses the Net.
13:47 of 2nd period - Shot by Chris Kunitz.
13:47 of 2nd period - Shot Misses the Net.
13:54 of 2nd period - Minor Penalty to Barret Jackman for Goalie Interference.
13:55 of 2nd period - Frans Nielsen wins face-off versus Ryan Getzlaf in Penguins zone.
14:20 of 2nd period - Shot by Derek Morris.
14:20 of 2nd period - Shot Misses the Net.
14:22 of 2nd period - Shot by Frans Nielsen.
14:22 of 2nd period - Stopped by Marc-Andre Fleury without a rebound.
14:23 of 2nd period - Ryan Getzlaf wins face-off versus Brandon Dubinsky in Penguins zone.
14:23 of 2nd period - Ryan Getzlaf is hit by Brandon Dubinsky.
15:29 of 2nd period - Shot by Ilya Kovalchuk.
15:29 of 2nd period - Shot Misses the Net.
15:43 of 2nd period - Shot by Derek Morris.
15:43 of 2nd period - Goal by Derek Morris - Rangers : 2 - Penguins : 0.
15:44 of 2nd period - Ville Leino wins face-off versus John Tavares in neutral zone.
15:44 of 2nd period - Ville Leino is hit by Andrew Ladd.
15:56 of 2nd period - Shot by John Tavares.
15:56 of 2nd period - Shot Misses the Net.
16:00 of 2nd period - Shot by Andrew Ladd.
16:00 of 2nd period - Stopped by Jean-Sebastien Giguere without a rebound.
16:01 of 2nd period - Zack Smith wins face-off versus David Legwand in Rangers zone.
16:26 of 2nd period - Shot by Gabriel Landeskog.
16:26 of 2nd period - Shot Misses the Net.
16:28 of 2nd period - Shot by Brandon Saad.
16:28 of 2nd period - Stopped by Jean-Sebastien Giguere without a rebound.
16:29 of 2nd period - Brandon Dubinsky wins face-off versus Alexander Steen in Rangers zone.
16:29 of 2nd period - Alex Goligoski is hit by Alexander Steen and loses puck.
16:36 of 2nd period - Shot by Ryan Callahan.
16:36 of 2nd period - Shot Misses the Net.
16:54 of 2nd period - Shot by Alexander Steen.
16:54 of 2nd period - Shot Blocked by Brandon Dubinsky.
17:02 of 2nd period - Shot by Ryan Getzlaf.
17:02 of 2nd period - Shot Blocked by Alex Goligoski.
17:14 of 2nd period - Shot by Alexander Steen.
17:14 of 2nd period - Stopped by Jean-Sebastien Giguere with a rebound.
17:32 of 2nd period - Shot by Andrew Ladd.
17:32 of 2nd period - Shot Misses the Net.
17:34 of 2nd period - Shot by John Tavares.
17:34 of 2nd period - Shot Blocked by Francois Beauchemin.
18:34 of 2nd period - Icing by Barret Jackman.
18:35 of 2nd period - Stephen Weiss wins face-off versus Ville Leino in Penguins zone.
18:44 of 2nd period - Shot by Vinny Prospal.
18:44 of 2nd period - Deflect By Matt Read.
18:44 of 2nd period - Shot Blocked by Barret Jackman.
18:50 of 2nd period - Derek Morris is hit by David Perron.
18:51 of 2nd period - Icing by Derek Morris.
18:52 of 2nd period - Ville Leino wins face-off versus Ryan Getzlaf in Rangers zone.
19:27 of 2nd period - Shot by Alexander Steen.
19:27 of 2nd period - Shot Misses the Net.

3rd period


0:01 of 3rd period - Brandon Dubinsky wins face-off versus Ryan Getzlaf in neutral zone.
0:25 of 3rd period - Icing by Ryan Getzlaf.
0:26 of 3rd period - Frans Nielsen wins face-off versus Ryan Getzlaf in Penguins zone.
0:41 of 3rd period - Shot by Ryan Callahan.
0:41 of 3rd period - Shot Blocked by Dan Girardi.
1:24 of 3rd period - Ryan Callahan is hit by Alex Goligoski and loses puck.
1:36 of 3rd period - Chris Kunitz is hit by Kris Letang and loses puck.
1:59 of 3rd period - Shot by Radim Vrbata.
1:59 of 3rd period - Shot Misses the Net.
2:19 of 3rd period - Bryan Allen is hit by Andrew Ladd and loses puck.
2:34 of 3rd period - Shot by Brandon Saad.
2:34 of 3rd period - Shot Misses the Net.
2:36 of 3rd period - Shot by Brandon Saad.
2:36 of 3rd period - Stopped by Jean-Sebastien Giguere without a rebound.
2:37 of 3rd period - David Legwand wins face-off versus Tom Pyatt in Rangers zone.
3:04 of 3rd period - Dan Girardi is hit by David Perron and loses puck.
3:08 of 3rd period - Icing by Dan Girardi.
3:09 of 3rd period - David Legwand wins face-off versus Zack Smith in Rangers zone.
3:30 of 3rd period - Shot by Gabriel Landeskog.
3:30 of 3rd period - Shot Misses the Net.
3:53 of 3rd period - Icing by Ryan Suter.
3:54 of 3rd period - Zack Smith wins face-off versus Brandon Dubinsky in Penguins zone.
4:10 of 3rd period - Francois Beauchemin is hit by Barret Jackman and loses puck.
4:14 of 3rd period - Icing by Nick Leddy.
4:15 of 3rd period - John Tavares wins face-off versus Frans Nielsen in Penguins zone.
4:32 of 3rd period - Shot by Ilya Kovalchuk.
4:32 of 3rd period - Shot Misses the Net.
4:34 of 3rd period - Shot by Frans Nielsen.
4:34 of 3rd period - Shot Misses the Net.
5:13 of 3rd period - Minor Penalty to Barret Jackman for High sticking.
5:14 of 3rd period - Brandon Dubinsky wins face-off versus Ryan Getzlaf in Penguins zone.
5:31 of 3rd period - Kris Letang is hit by Brandon Dubinsky and loses puck.
5:40 of 3rd period - Shot by Brandon Dubinsky.
5:40 of 3rd period - Stopped by Marc-Andre Fleury without a rebound.
5:41 of 3rd period - Stephen Weiss wins face-off versus Frans Nielsen in Penguins zone.
5:41 of 3rd period - Stephen Weiss is hit by Troy Brouwer.
6:52 of 3rd period - Off-side.
6:53 of 3rd period - Ryan Getzlaf wins face-off versus Brandon Dubinsky in neutral zone.
6:53 of 3rd period - Ryan Getzlaf is hit by Chris Kunitz.
6:57 of 3rd period - Brandon Dubinsky is hit by Ryan Callahan and loses puck.
7:46 of 3rd period - Shot by Ville Leino.
7:46 of 3rd period - Shot Misses the Net.
7:48 of 3rd period - Shot by Dan Girardi.
7:48 of 3rd period - Goal by Dan Girardi - Rangers : 3 - Penguins : 0.
7:49 of 3rd period - Zack Smith wins face-off versus Brandon Dubinsky in neutral zone.
7:49 of 3rd period - Zack Smith is hit by Brandon Dubinsky.
8:13 of 3rd period - Shot by Brandon Dubinsky.
8:13 of 3rd period - Stopped by Marc-Andre Fleury without a rebound.
8:14 of 3rd period - Frans Nielsen wins face-off versus Ryan Getzlaf in Penguins zone.
8:43 of 3rd period - Shot by Ryan Callahan.
8:43 of 3rd period - Stopped by Jean-Sebastien Giguere without a rebound.
8:44 of 3rd period - Brandon Dubinsky wins face-off versus John Tavares in Rangers zone.
9:01 of 3rd period - Shot by Chris Kunitz.
9:01 of 3rd period - Shot Blocked by Kris Letang.
9:03 of 3rd period - Shot by Francois Beauchemin.
9:03 of 3rd period - Stopped by Marc-Andre Fleury without a rebound.
9:04 of 3rd period - Frans Nielsen wins face-off versus Ryan Getzlaf in Penguins zone.
9:04 of 3rd period - Frans Nielsen is hit by Barret Jackman.
9:13 of 3rd period - Icing by Nick Leddy.
9:14 of 3rd period - Ryan Getzlaf wins face-off versus Brandon Dubinsky in Penguins zone.
10:18 of 3rd period - Shot by Andrew Ladd.
10:18 of 3rd period - Shot Misses the Net.
10:45 of 3rd period - Minor Penalty to Brendan Gallagher for Hooking.
10:46 of 3rd period - Ryan Callahan wins face-off versus Frans Nielsen in Penguins zone.
10:53 of 3rd period - Matt Hunwick is hit by Troy Brouwer and loses puck.
11:53 of 3rd period - Matt Hunwick is hit by Matt Read and loses puck.
12:28 of 3rd period - Shot by Frans Nielsen.
12:28 of 3rd period - Shot Blocked by Ryan Getzlaf.
12:30 of 3rd period - Shot by Troy Brouwer.
12:30 of 3rd period - Shot Misses the Net.
12:32 of 3rd period - Shot by Ilya Kovalchuk.
12:32 of 3rd period - Stopped by Marc-Andre Fleury without a rebound.
12:33 of 3rd period - Brandon Dubinsky wins face-off versus Stephen Weiss in Penguins zone.
12:36 of 3rd period - Shot by Francois Beauchemin.
12:36 of 3rd period - Shot Misses the Net.
12:44 of 3rd period - Shot by Chris Kunitz.
12:44 of 3rd period - Stopped by Marc-Andre Fleury with a rebound.
12:56 of 3rd period - David Legwand is hit by Nick Leddy.
13:37 of 3rd period - Off-side.
13:38 of 3rd period - Brandon Dubinsky wins face-off versus Stephen Weiss in neutral zone.
13:44 of 3rd period - Icing by Alex Goligoski.
13:45 of 3rd period - Ryan Getzlaf wins face-off versus Brandon Dubinsky in Rangers zone.
13:51 of 3rd period - Icing by Radim Vrbata.
13:52 of 3rd period - Ryan Getzlaf wins face-off versus Brandon Dubinsky in Rangers zone.
14:27 of 3rd period - Shot by Ryan Getzlaf.
14:27 of 3rd period - Stopped by Jean-Sebastien Giguere with a rebound.
14:29 of 3rd period - Shot by Alexander Steen.
14:29 of 3rd period - Shot Misses the Net.
14:31 of 3rd period - Shot by Barret Jackman.
14:31 of 3rd period - Stopped by Jean-Sebastien Giguere without a rebound.
14:32 of 3rd period - Ilya Kovalchuk wins face-off versus John Tavares in Rangers zone.
14:49 of 3rd period - Shot by Troy Brouwer.
14:49 of 3rd period - Stopped by Marc-Andre Fleury without a rebound.
14:50 of 3rd period - Ville Leino wins face-off versus Zack Smith in Penguins zone.
15:36 of 3rd period - Icing by Derek Morris.
15:37 of 3rd period - Ville Leino wins face-off versus Ryan Getzlaf in Rangers zone.
16:04 of 3rd period - Bryan Allen is hit by Alexander Steen and loses puck.
16:11 of 3rd period - Shot by Ryan Getzlaf.
16:11 of 3rd period - Stopped by Jean-Sebastien Giguere without a rebound.
16:12 of 3rd period - Radim Vrbata wins face-off versus John Tavares in Rangers zone.
16:12 of 3rd period - Radim Vrbata is hit by Brendan Gallagher.
16:51 of 3rd period - Shot by John Tavares.
16:51 of 3rd period - Stopped by Jean-Sebastien Giguere with a rebound.
17:26 of 3rd period - Icing by Alexander Steen.
17:27 of 3rd period - Ryan Getzlaf wins face-off versus David Legwand in Penguins zone.
17:27 of 3rd period - Ryan Getzlaf is hit by Craig Adams.
17:35 of 3rd period - Shot by Alexander Steen.
17:35 of 3rd period - Shot Misses the Net.
18:27 of 3rd period - Nick Schultz is hit by Frans Nielsen and loses puck.
18:59 of 3rd period - Shot by Gabriel Landeskog.
18:59 of 3rd period - Goal by Gabriel Landeskog - Rangers : 3 - Penguins : 1.
19:00 of 3rd period - Brandon Dubinsky wins face-off versus John Tavares in neutral zone.
19:19 of 3rd period - Francois Beauchemin is hit by Andrew Ladd and loses puck.
19:42 of 3rd period - Shot by Chris Kunitz.
19:42 of 3rd period - Deflect By Radim Vrbata.
19:42 of 3rd period - Stopped by Marc-Andre Fleury with a rebound.
19:44 of 3rd period - Shot by Chris Kunitz.
19:44 of 3rd period - Stopped by Marc-Andre Fleury without a rebound.
19:45 of 3rd period - Ryan Getzlaf wins face-off versus Ville Leino in Penguins zone.


Output by the SimonT Hockey Simulator (STHS) for Stephane Roy -- Original Page W3C XHTML 1.0 Valid
Hockey Simulator - Hockey Simulation - Hockey Manager